 Dungeon Crawl Stone Soup version 0.28-a0-664-gc179e30c89 (webtiles) character file.

Game seed: 14978594490813174867

178 cheechan the Cudgeller (level 5, -1/36 HPs)
             Began as an Octopode Fighter on Oct 15, 2021.
             Killed by divine providence
             ... invoked by an orc priest
              (9 damage)
             ... on level 4 of the Dungeon.
             The game lasted 00:09:31 (3489 turns).

cheechan the Cudgeller (Octopode Fighter)           Turns: 3489, Time: 00:09:33

Health: -1/36      AC:  1    Str: 15    XL:     5   Next: 58%
Magic:  5/5        EV: 18    Int: 11    God:
Gold:   69         SH:  4    Dex: 12    Spells: 4/4 levels left

rFire   . . .      SeeInvis .   n - +2 spear (venom)
rCold   . . .      Faith    .   b - +0 buckler
rNeg    . . .      Spirit   .   (helmet restricted)
rPois   .          Reflect  .   (no amulet)
rElec   .          Harm     .   r - +4 ring of evasion
rCorr   .          Rampage  .   (no ring)
Will    .....                   (no ring)
Stlth   +++.......              (no ring)
HPRegen 0.12/turn               (no ring)
MPRegen 0.09/turn               (no ring)
                                (no ring)
                                (no ring)

@: slowed, very slow
A: almost no armour, amphibious, 8 rings, camouflage 1, gelatinous body 1,
(nimble swimmer 1), tentacles
a: no special abilities


You were on level 4 of the Dungeon.
You visited 1 branch of the dungeon, and saw 4 of its levels.

You collected 69 gold pieces.

Inventory:

Hand Weapons
 a - a +0 flail
 m - a +0 hand crossbow
 n - a +2 spear of venom (weapon)
 o - a +1 dagger of venom
Missiles
 h - 102 stones
 j - 11 poisoned darts (quivered)
 l - 22 sling bullets
 p - 29 bolts
 q - a boomerang
Armour
 b - a +0 buckler (worn)
Jewellery
 r - a +4 ring of evasion (left tentacle)
Wands
 k - a wand of flame (15)
Scrolls
 i - a scroll of teleportation
Potions
 c - a potion of might
 d - a potion of curing
 e - a potion of lignification
 f - 2 potions of magic
 g - a potion of brilliance {unknown}


   Skills:
 + Level 3.4 Fighting
 + Level 3.9 Maces & Flails
 + Level 0.5 Polearms
 + Level 3.6 Dodging
 + Level 2.5 Stealth
 + Level 3.4 Shields


You had 4 spell levels left.
You didn't know any spells.
Your spell library was empty.

Dungeon Overview and Level Annotations

Branches:
Dungeon (4/15)
 Temple: D:4-7

Altars:
Cheibriados
Nemelex Xobeh
Trog

Shops:
D:1 *

Annotations:
D:4 Natasha


Innate Abilities, Weirdness & Mutations

You cannot wear most types of armour.
You are amphibious.
You can wear up to eight rings at the same time.
Your skin changes colour to match your surroundings (Stealth+).
Your rubbery body absorbs attacks. (AC +1, EV +1)
((You are camouflaged near water. (Stealth+)))
You have tentacles for arms and can constrict up to eight enemies at once.


Message History

You are frozen.
Natasha, Servant of Life and Death comes into view.
You hit the endoplasm.
The endoplasm is heavily wounded.
The endoplasm freezes you.
You are frozen.
You hit the endoplasm.
You kill the endoplasm!
You closely miss the orc warrior. You grab the orc warrior.
You constrict the orc warrior.
Natasha mumbles some strange words.
The orc warrior struggles to escape constriction.
The orc wizard casts a spell.
The orc wizard flickers and vanishes!
Deactivating autopickup; reactivate with Ctrl-A.
The orc priest calls upon Beogh to heal the orc warrior.
The orc warrior's wounds heal themselves!
Natasha stares at you and mumbles some strange words.
You feel yourself slow down.
You miss Natasha. Your grab misses Natasha.
You constrict the orc warrior, but do no damage.
The orc warrior misses you. You block Natasha's attack.
The orc warrior completely misses you.
You closely miss Natasha. Your grab misses Natasha.
You constrict the orc warrior. Natasha claws you! The orc warrior misses you.
Natasha growls.
Natasha casts a spell at you. The magic dart hits you!
You release your grip on the orc warrior.
Natasha casts a spell at you. The magic dart hits you.
* * * LOW HITPOINT WARNING * * *
The orc warrior barely misses you. Natasha claws you.
* * * LOW HITPOINT WARNING * * *
The crimson imp puffs mist at you.
The crimson imp blinks!
The orc priest calls down the wrath of Beogh upon you.
Beogh smites you!
You die...

#.# #.# #### #.# #.. # #.#
#.# .# . #.###.# ###.
.#######.....### #..
.#.............###.# ##.
#..............##ยง##.....
#..##########..@ho.o._...
#. #..5#o#...... #.###..#
..##. ... #.... ... ###.
#..### ##. ## .#.# ##.#
#.#


You could see an orc warrior, an orc priest, Natasha, a crimson imp (summoned)
and an orc.

Vanquished Creatures
  Jessica (D:2)
  An orc wizard (D:3)
  4 adders
  4 worms
  2 dart slugs (D:1)
  6 orcs
  7 ball pythons
  8 endoplasms
  2 giant cockroaches
  10 goblins
  5 hobgoblins
  2 jackals (D:2)
  2 quokkas
  A frilled lizard (D:1)
  5 kobolds
  6 rats
66 creatures vanquished.

Notes
Turn   | Place    | Note
-------+----------+-------------------------------------------
     0 | D:1      | cheechan the Octopode Fighter began the quest for the Orb.
     0 | D:1      | Reached XP level 1. HP: 16/16 MP: 1/1
    89 | D:1      | Reached XP level 2. HP: 21/21 MP: 2/2
   134 | D:1      | Found Mivigh's Assorted Antiques.
   294 | D:1      | Reached XP level 3. HP: 10/26 MP: 3/3
  1018 | D:2      | Found a faded altar of an unknown god.
  1068 | D:2      | Reached skill level 1 in Stealth
  1085 | D:2      | Reached XP level 4. HP: 8/31 MP: 4/4
  1341 | D:2      | Noticed Jessica
  1348 | D:2      | Killed Jessica
  2300 | D:3      | Found a sparkling altar of Nemelex Xobeh.
  2305 | D:3      | Reached XP level 5. HP: 33/36 MP: 5/5
  3025 | D:3      | Noticed a moth of wrath
  3031 | D:3      | Found a bloodstained altar of Trog.
  3478 | D:4      | Found a snail-covered altar of Cheibriados.
  3479 | D:4      | Noticed an orc warrior
  3482 | D:4      | Noticed Natasha
  3489 | D:4      | Killed from afar by an orc priest

Illustrated notes

Levels and vault maps discovered:
D:1:      dpeg_arrival_rooms_c, layout_rooms, serial_shops, shop
D:2:      layout_loops_ring, ebering_ecumenical_altar_rust, grunt_ministairs_15,
          uniq_jessica
D:3:      layout_basic, tgw_trog, nemelex_diamond_rough_becter
D:4:      cheibrodos_greedy_goblins, layout_loops_ring, cheibriados_altar_1,
          uniq_natasha, uniq_duvessa, uniq_edmund

Skill      XL: |  1  2  3  4  5 |
---------------+----------------+-----
Stealth        | 1 2 |  2.5
Maces & Flails | 3 |  3.9
Fighting       | |  3.4
Polearms       | |  0.5
Dodging        | |  3.6
Shields        | |  3.4

Action                   |  1- 3 |  4- 6 || total
-------------------------+-------+-------++-------
Melee: Flail             |    53 |    14 ||    67
       Tentacles         |     7 |    13 ||    20
       Constrict         |    11 |    17 ||    28
       Spear             |       |    59 ||    59
  Use: Scroll            |     3 |     3 ||     6
 Stab: Sleeping          |     3 |     5 ||     8
Armor: Skin              |     3 |     2 ||     5
Dodge: Dodged            |    34 |    28 ||    62
Block: Buckler           |    15 |    12 ||    27

Table legend: (Time is in decaauts)
 A = Elapsed time spent in this place.
 B = Non-inter-level travel time spent in this place.
 C = Inter-level travel time spent in this place.
 D = Time resting spent in this place.
 E = Time spent auto-exploring this place.
 F = Levels seen in this place.
 G = Mean time per level.
                   A        B        C        D        E       F      G
               +--------+--------+--------+--------+--------+-----+--------+
         Total |   3512 |   3512 |      0 |   1409 |      0 |   4 |  878.0 |
       Dungeon |   3512 |   3512 |      0 |   1409 |      0 |   4 |  878.0 |
               +--------+--------+--------+--------+--------+-----+--------+

Top non-repeatable levels by time:
     D:2: 1328 daAuts
     D:3: 995 daAuts
     D:1: 916 daAuts
     D:4: 272 daAuts
